 Dungeon Crawl Stone Soup version 0.27-a0-1140-g099f9bb0e8 (webtiles) character file.

Game seed: 16489403154967763136

8662 porpoise the Fighter (level 11, -1/85 HPs)
             Began as a Djinni Venom Mage on May 10, 2021.
             Was a Believer of Makhleb.
             Slain by a fire dragon (11 damage)
             ... on level 11 of the Dungeon.
             The game lasted 00:37:35 (11161 turns).

porpoise the Fighter (Djinni Venom Mage)           Turns: 11161, Time: 00:37:36

Health: -1/85      AC:  7    Str:  7    XL:     11   Next: 34%
Gold:   241        EV: 13    Int: 20    God:    Makhleb [**....] SH:  0 Dex: 14

rFire    + + .     SeeInvis .   a - +3 whip (elec)
rCold    . . .     Faith    .   (no shield)
rNeg     + . .     Spirit   .   u - +1 troll leather armour {Purgy}
rPois    ∞         Reflect  .   (no helmet)
rElec    .         Harm     .   D - +0 cloak
rCorr    .         Rampage  .   (no gloves)
Will     +....                  (boots unavailable)
Stlth    ++........             (no amulet)
HPRegen  1.24/turn              z - ring of positive energy
MPRegen  0.00/turn              J - ring of protection from cold

@: flying
A: sickness immunity, fire resistance 2, cold vulnerability 1, float, innate
caster, hp casting, extra vitality 1
a: Renounce Religion, Minor Destruction


You were on level 11 of the Dungeon.
You worshipped Makhleb.
Makhleb was pleased with you.
You visited 2 branches of the dungeon, and saw 12 of its levels.

You collected 616 gold pieces.
You spent 375 gold pieces at shops.

Inventory:

Hand Weapons
 a - a +3 whip of electrocution (weapon)
 b - the +9 hunting sling "Goupremp" {flame, rPois Will+ Str-4}
   (You bought it in a shop on level 3 of the Dungeon)

   It causes projectiles fired from it to burn those they strike, causing extra
   injury to most foes and up to half again as much damage against particularly
   susceptible opponents.
   It affects your strength (-4).
   It protects you from poison.
   It increases your willpower.
 x - a +4 short sword
Missiles
 e - 253 stones
 f - 49 poisoned darts
 C - 28 bolts
 E - 88 sling bullets
 G - 9 boomerangs
 M - 6 datura-tipped darts
Armour
 d - a +0 robe
 u - a +1 troll leather armour (worn) {Purgy}
 D - a +0 cloak (worn)
Magical Staves
 j - a staff of earth
 F - a staff of death
Jewellery
 n - a ring of fire
 v - a ring of see invisible
 z - a ring of positive energy (left hand)
 J - a ring of protection from cold (right hand)
 Q - a ring of protection from fire
Wands
 B - a wand of flame (15)
 I - a wand of digging (4)
 P - a wand of acid (7)
Scrolls
 c - 8 scrolls of teleportation
 g - a scroll of vulnerability
 k - 3 scrolls of enchant weapon
 l - a scroll of acquirement {unknown}
 m - a scroll of immolation {unknown}
 r - a scroll of blinking
 s - a scroll of magic mapping {unknown}
 t - a scroll of fear {unknown}
 w - a scroll of noise
 y - a scroll of enchant armour
 A - a scroll of holy word {unknown}
 O - 2 scrolls of identify
 R - a scroll of torment {unknown}
Potions
 h - 2 potions of haste
 i - 2 potions of berserk rage
 o - a potion of mutation
 p - a potion of resistance
 q - 2 potions of heal wounds
 H - a potion of invisibility
 K - a potion of cancellation
 L - a potion of might
 N - a potion of curing
Miscellaneous
 S - a lightning rod (4/4)


   Skills:
 + Level 10.0 Fighting
 - Level 5.0 Armour
 + Level 5.4 Dodging
 - Level 1.5 Stealth
 - Level 9.0 Spellcasting
 - Level 5.0 Invocations
 - Level 5.0 Evocations


You couldn't memorise any spells.
You knew the following spells:

 Your Spells              Type           Power      Damage    Failure   Level
a - Sting                 Tmut/Pois      100%       1d8       1%          1
f - Inner Flame           Hex/Fire       45%        N/A       1%          3
i - Ignite Poison         Fire/Tmut/Pois 45%        N/A       1%          3
k - Iskenderun's Battles  Conj           45%        2d10      8%          5
m - Mephitic Cloud        Conj/Pois/Air  45%        N/A       1%          3
n - Beastly Appendage     Tmut           90%        N/A       1%          1
o - Olgreb's Toxic Radia  Pois           45%        N/A       2%          4
r - Animate Armour        Summ/Erth      90%        N/A       2%          4
v - Poisonous Vapours     Pois/Air       90%        N/A       1%          2
w - Passwall              Tmut/Erth      37%        N/A       1%          2
Your spell library was empty.

Dungeon Overview and Level Annotations

Branches:
Dungeon (11/15)            Temple (1/1) D:6            Lair (0/6) D:11
    Orc: D:9-12

Altars:
Ashenzari
Cheibriados
Dithmenos
Elyvilon
Fedhas
Gozag
Hepliaklqana
Kikubaaqudgha
Makhleb
Nemelex Xobeh
Okawaru
Qazlal
Ru
Sif Muna
Trog
Uskayaw
Vehumet
Wu Jian
Xom
Yredelemnul
Zin
The Shining One

Shops:
D:3 (   D:6 [   D:8 *   D:9 [

Annotations:
D:6 3 runed translucent doors, Mels's ghost, novice DsFi


Innate Abilities, Weirdness & Mutations

You are immune to sickness and miasma.
You are immune to poison.
Your flesh is very heat resistant. (rF++)
You are vulnerable to cold. (rC-)
You float through the air rather than walking.
You learn spells naturally, not from books.
Your magical power is your life essence.
You have superior vitality. (+4 HP)


Message History

The fire dragon looks even sicker.
The fire dragon is moderately wounded.
The fire dragon closely misses you. The fire dragon misses you.
The fire dragon tramples you!
You are shoved backwards!
Casting: Sting (safe; 1% risk of failure)
Confirm with . or Enter, or press ? or * to list all spells.
Aiming: Sting (safe; 1% risk of failure)
Press: ? - help, Shift-Dir - straight line, f/p - fire dragon
Aim: a fire dragon (moderately wounded, very poisoned, catching its breath, 84% to hit)
The sting hits the fire dragon.
The fire dragon partially resists.
The fire dragon looks even sicker.
The fire dragon is moderately wounded.
The fire dragon bites you! The fire dragon barely misses you.
The fire dragon tramples you.
You hold your ground!
Casting: Sting (safe; 1% risk of failure)
Confirm with . or Enter, or press ? or * to list all spells.
Aiming: Sting (safe; 1% risk of failure)
Press: ? - help, Shift-Dir - straight line, f/p - fire dragon
Aim: a fire dragon (moderately wounded, very poisoned, catching its breath, 84% to hit)
The sting hits the fire dragon.
The fire dragon partially resists.
The fire dragon is moderately wounded.
The fire dragon bites you! The fire dragon closely misses you.
The fire dragon tramples you but does no damage.
You closely miss the fire dragon.
The fire dragon is moderately wounded.
The fire dragon closely misses you. x2; The fire dragon tramples you!
* * * LOW HITPOINT WARNING * * *
You hold your ground!
You hit the fire dragon.
The fire dragon is moderately wounded.
The fire dragon breathes flames at you. The blast of flame hits you!
You resist.
* * * LOW HITPOINT WARNING * * *
The fire dragon barely misses you. x2; The fire dragon tramples you.
* * * LOW HITPOINT WARNING * * *
You hold your ground!
You hit the fire dragon.
The fire dragon is heavily wounded.
The fire dragon bites you!
You die...

.......+...##.######
.....[.#...##..#...#
.......#.......'..#####
.......#.......#..##..#
.......#.......#......#
.......#..####.#......#
#..#####.. ..#####.##
#..# ..# ########.#
#..# .. #..?@....# #..#
####...D....# ####
..§§§...*####
..§≈§≈....#
.§§§§≈≈....#
..§.≈§≈....#
§≈≈≈>.≈....#
§§§≈..≈≈...#
..≈§§≈.§...#


You could see a fire dragon (very poisoned, catching breath) and a friendly
battlesphere.

Vanquished Creatures
  2 two-headed ogres (D:10)
  Pikel (D:4)
  A gargoyle (D:11)
  2 kobold demonologists (D:10)
  A komodo dragon (D:10)
  Sigmund (D:2)
  A wraith (D:10)
  2 vampires
  12 yaks
  2 steam dragons (D:8)
  An acid dragon (D:9)
  A water moccasin (D:9)
  An ice beast (D:6)
  Purgy (D:4)
  An orc warrior (D:8)
  2 ogres (D:5)
  4 necrophages
  2 sky beasts
  3 centaurs
  2 kobold brigands
  A bullfrog (D:9)
  A wyvern zombie (D:6)
  A scorpion (D:6)
  A wyvern skeleton (D:7)
  A killer bee (D:10)
  4 wights (D:8)
  5 howler monkeys
  5 hounds
  3 jellies
  5 orc priests
  A bullfrog skeleton (D:5)
  Natasha (thrice) (D:4)
  3 iguanas
  8 orc wizards
  A killer bee zombie (D:5)
  7 gnolls
  12 adders
  A shadow imp (D:7)
  An adder zombie (D:5)
  4 worms
  3 dart slugs
  20 orcs
  5 bats
  8 endoplasms
  A giant cockroach (D:2)
  5 goblins
  4 jackals (D:4)
  17 kobolds
  A quokka (D:2)
  8 ball pythons
  2 frilled lizards
  10 rats
195 creatures vanquished.

Vanquished Creatures (collateral kills)
  A gnoll (D:6)
1 creature vanquished.

Grand Total: 196 creatures vanquished

Notes
Turn   | Place    | Note
-------+----------+-------------------------------------------
     0 | D:1      | porpoise the Djinni Venom Mage began the quest for the Orb.
     0 | D:1      | Reached XP level 1. HP: 15/15 MP: 0/0
   380 | D:1      | Reached skill level 1 in Fighting
   380 | D:1      | Reached XP level 2. HP: 17/22 MP: 0/0
  1383 | D:2      | Reached XP level 3. HP: 22/28 MP: 0/0
  1383 | D:2      | Learned a level 1 spell: Beastly Appendage
  1618 | D:2      | Reached skill level 2 in Fighting
  1724 | D:2      | Noticed Sigmund
  1729 | D:2      | Killed Sigmund
  1730 | D:2      | Reached skill level 3 in Fighting
  1730 | D:2      | Reached XP level 4. HP: 13/36 MP: 0/0
  1730 | D:2      | Reached XP level 5. HP: 14/40 MP: 0/0
  1730 | D:2      | Learned a level 2 spell: Passwall
  2445 | D:2      | Reached XP level 6. HP: 42/47 MP: 0/0
  2711 | D:2      | Reached skill level 4 in Fighting
  3844 | D:3      | Found an opulent altar of Gozag.
  3844 | D:3      | Found a shadowy altar of Dithmenos.
  4167 | D:3      | Found Nygh's Antique Weapon Shop.
  4579 | D:4      | Noticed a necrophage
  4591 | D:3      | Killed a necrophage
  4592 | D:3      | Reached skill level 5 in Spellcasting
  4592 | D:3      | Reached XP level 7. HP: 21/53 MP: 0/0
  4592 | D:3      | Learned a level 3 spell: Inner Flame
  4843 | D:4      | Noticed Pikel
  4847 | D:4      | Killed Pikel
  4848 | D:4      | Reached skill level 6 in Fighting
  4848 | D:4      | Reached XP level 8. HP: 44/61 MP: 0/0
  4964 | D:4      | Noticed Natasha
  4966 | D:4      | Killed Natasha
  4996 | D:4      | Noticed Natasha
  4999 | D:4      | Killed Natasha
  5150 | D:4      | Noticed Natasha
  5153 | D:4      | Killed Natasha
  5419 | D:4      | Noticed Purgy
  5425 | D:4      | Killed Purgy
  5547 | D:3      | Bought a crude hunting sling for 182 gold pieces
  5547 | D:3      | Identified the +9 hunting sling "Goupremp" {flame, rPois
                  | Will+ Str-4} (You bought it in a shop on level 3 of the
                  | Dungeon)
  5713 | D:4      | Found a sparkling altar of Nemelex Xobeh.
  5976 | D:5      | Entered Level 5 of the Dungeon
  5981 | D:5      | Reached skill level 7 in Fighting
  6040 | D:5      | Found a snail-covered altar of Cheibriados.
  6403 | D:5      | Reached skill level 1 in Armour
  6495 | D:5      | Reached XP level 9. HP: 63/68 MP: 0/0
  6495 | D:5      | Learned a level 4 spell: Animate Armour
  6678 | D:6      | Found a staircase to the Ecumenical Temple.
  6687 | Temple   | Entered the Ecumenical Temple
  6787 | Temple   | Became a worshipper of Makhleb the Destroyer
  6862 | D:6      | Noticed Mels's ghost (novice DsFi)
  6878 | D:6      | Found a runed translucent gate.
  6878 | D:6      | Found a runed translucent gate.
  6878 | D:6      | Found a runed translucent gate.
  6945 | D:6      | You are sucked into a shaft and drop 3 floors!
  7004 | D:9      | Found a snail-covered altar of Cheibriados.
  7006 | D:9      | Found Cheibriados's Comfort Zone.
  7068 | D:9      | Reached skill level 5 in Dodging
  7356 | D:8      | Found Esmesmod's Assorted Antiques.
  7364 | D:8      | Bought a yellow potion for 25 gold pieces
  7364 | D:8      | Bought a scroll labelled RALAMUHYHO for 28 gold pieces
  7364 | D:8      | Bought an ivory ring for 140 gold pieces
  7525 | D:7      | Reached skill level 5 in Armour
  7687 | D:6      | Reached skill level 1 in Invocations
  7687 | D:6      | Reached skill level 1 in Evocations
  7969 | D:6      | Reached * piety under Makhleb
  8099 | D:6      | Found Fufim's Armour Boutique.
  8723 | D:7      | Found a stormy altar of Qazlal.
  9199 | D:8      | Reached XP level 10. HP: 19/75 MP: 0/0
  9502 | D:9      | Reached skill level 5 in Invocations
  9502 | D:9      | Reached skill level 5 in Evocations
  9992 | D:10     | Entered Level 10 of the Dungeon
 10027 | D:10     | Noticed a two-headed ogre
 10032 | D:10     | Killed a two-headed ogre
 10033 | D:10     | Reached skill level 8 in Fighting
 10077 | D:10     | Noticed a two-headed ogre
 10083 | D:10     | Killed a two-headed ogre
 10085 | D:10     | Reached ** piety under Makhleb
 10170 | D:10     | Noticed a kobold demonologist
 10170 | D:10     | Noticed a kobold demonologist
 10176 | D:10     | Killed a kobold demonologist
 10179 | D:10     | Killed a kobold demonologist
 10180 | D:10     | Reached skill level 9 in Fighting
 10180 | D:10     | Reached XP level 11. HP: 74/84 MP: 0/0
 10180 | D:10     | Learned a level 5 spell: Iskenderun's Battlesphere
 10751 | D:10     | Found a hazy altar of Hepliaklqana.
 11075 | D:11     | Reached skill level 10 in Fighting
 11141 | D:11     | Found a staircase to the Lair.
 11145 | D:11     | Noticed a fire dragon
 11161 | D:11     | Slain by a fire dragon

Illustrated notes

Levels and vault maps discovered:
D:1:      onia_arrival_pyramid, layout_basic
D:2:      minmay_spotlight, layout_loops_corners, minmay_pentomino_o4,
          uniq_sigmund
D:3:      layout_basic, jmf_multi_god_temple, serial_shops, nicolae_shop_crystal
D:4:      layout_basic, kennysheep_mini_moat, uniq_purgy, uniq_natasha,
          uniq_pikel
D:5:      layout_rooms, lemuel_doored_altar, chequers_jeans
D:6:      layout_gridville, minmay_temple_entry_slanted, serial_shops,
          shop_fountains, gammafunk_ghost_split, minmay_misc_feat_more_columns
D:7:      layout_loops_ring, lemuel_coloured_pillars_altar
D:8:      layout_gridville, serial_shops, shop, hex_large
D:9:      layout_basic, minmay_shop_chei
D:10:     layout_loops_ring, nicolae_hepliaklqana_hippocampus, st_stairs_5
D:11:     layout_stronghold, minmay_lair_entry_lava, st_stairs_11,
          hangedman_minor_magic
Temple:   eino_temple_scatter_basement

Skill      XL: |  1  2  3  4  5  6  7  8  9 10 11 |
---------------+----------------------------------+-----
Fighting       | 1 3 4 6 7 9 10 | 10.0
Spellcasting   | 3 4 5 7 8 9 |  9.0
Dodging        | 4 5 |  5.4
Armour         | 2 5 |  5.0
Invocations    | 4 5 |  5.0
Evocations     | 4 5 |  5.0
Stealth        | |  1.5

Action                   |  1- 3 |  4- 6 |  7- 9 | 10-12 || total
-------------------------+-------+-------+-------+-------++-------
Melee: Dagger            |     8 |       |       |       ||     8
       Flail             |     1 |    27 |     2 |       ||    30
       Whip              |       |       |    37 |    18 ||    55
 Fire: Hunting sling     |       |       |    20 |    19 ||    39
Throw: Dart              |     1 |       |       |       ||     1
 Cast: Sting             |    34 |    18 |       |    10 ||    62
       Poisonous Vapours |    11 |    33 |    45 |     4 ||    93
       Ignite Poison     |     2 |     4 |    51 |    43 ||   100
       Beastly Appendage |     1 |     3 |       |       ||     4
       Mephitic Cloud    |       |     1 |     9 |     6 ||    16
       Olgreb's Toxic Ra |       |       |    16 |    22 ||    38
       Animate Armour    |       |       |     2 |       ||     2
       Iskenderun's Batt |       |       |       |     2 ||     2
  Use: Scroll            |       |     4 |    11 |     1 ||    16
Armor: Robe              |     3 |     6 |       |       ||     9
       Troll leather arm |       |       |     5 |    21 ||    26
Dodge: Dodged            |    13 |    16 |    32 |    27 ||    88

Table legend: (Time is in decaauts)
 A = Elapsed time spent in this place.
 B = Non-inter-level travel time spent in this place.
 C = Inter-level travel time spent in this place.
 D = Time resting spent in this place.
 E = Time spent auto-exploring this place.
 F = Levels seen in this place.
 G = Mean time per level.
                   A        B        C        D        E       F      G
               +--------+--------+--------+--------+--------+-----+--------+
         Total |  11167 |  10755 |    412 |   2965 |   6554 |  12 |  930.6 |
       Dungeon |  11005 |  10615 |    390 |   2965 |   6419 |  11 | 1000.5 |
        Temple |    161 |    139 |     22 |      0 |    135 |   1 |  161.0 |
               +--------+--------+--------+--------+--------+-----+--------+

Top non-repeatable levels by time:
     D:2: 2048 daAuts
     D:3: 1381 daAuts
     D:1: 1358 daAuts
     D:4: 1199 daAuts
     D:8: 933 daAuts
     D:9: 846 daAuts
    D:10: 836 daAuts
     D:6: 698 daAuts
     D:7: 697 daAuts
     D:5: 672 daAuts
    D:11: 332 daAuts
  Temple: 161 daAuts
